[Event "Reykjavik Open 2025"]
[Site "Reykjavik, Iceland"]
[Date "2025.04.15"]
[Round "9.1"]
[White "Gupta, Abhijeet"]
[Black "Maghsoodloo, Parham"]
[Result "1/2-1/2"]
[WhiteElo "2576"]
[WhiteTitle "GM"]
[WhiteFideId "5010608"]
[BlackElo "2684"]
[BlackTitle "GM"]
[BlackFideId "12539929"]
[TimeControl "90+30 +30 after 40 moves"]
[Variant "Standard"]
[ECO "D37"]
[Opening "Queen's Gambit Declined: Barmen Variation"]
[StudyName "Round 9"]
1. d4 Nf6 2. c4 e6 3. Nf3 d5 4. Nc3 Nbd7 5. Qc2 dxc4 6. e4 Nb6 7. Be3 Bd7 8. Be2 Ng4 9. Bf4 Bd6 10. e5 Be7 11. Nd2 h5 12. h3 Nh6 13. Nxc4 Bc6 14. O-O-O Nd5 15. Nxd5 Qxd5 16. Bf3 Qb5 17. Be2 Qd5 18. Bf3 Qb5 19. Be2 Qd5 1/2-1/2

[Event "Reykjavik Open 2025"]
[Site "Reykjavik, Iceland"]
[Date "2025.04.15"]
[Round "9.2"]
[White "Amar, Elham"]
[Black "Lu, Shanglei"]
[Result "1/2-1/2"]
[WhiteElo "2546"]
[WhiteTitle "GM"]
[WhiteFideId "1533533"]
[BlackElo "2618"]
[BlackTitle "GM"]
[BlackFideId "8603332"]
[TimeControl "90+30 +30 after 40 moves"]
[Variant "Standard"]
[ECO "B90"]
[Opening "Sicilian Defense: Najdorf Variation, Lipnitsky Attack"]
[StudyName "Round 9"]
1. e4 c5 2. Nf3 d6 3. d4 cxd4 4. Nxd4 Nf6 5. Nc3 a6 6. Bc4 e6 7. Be3 Be7 8. a3 O-O 9. f3 b5 10. Bb3 Bb7 11. h4 Nbd7 12. Qd2 Ne5 13. O-O-O Rc8 14. g4 Nc4 15. Bxc4 Rxc4 16. h5 h6 17. g5 hxg5 18. h6 g6 19. h7+ Kh8 20. Bxg5 Rc5 21. Bh6 Re8 22. Nde2 Rh5 23. Nf4 Rxh1 24. Rxh1 Nd7 25. Nh3 Kxh7 26. Nf4 Bh4 27. Nxe6 Rxe6 28. Bg5 Qf8 29. Rxh4+ Kg8 30. Bh6 Qd8 31. Bg5 Qf8 32. Qd4 f6 33. Be3 Ne5 34. Qd1 f5 35. f4 Qe7 36. Rh1 Nf7 37. Rg1 Kf8 38. Nd5 Qh4 39. exf5 gxf5 40. Bb6 Bxd5 41. Qxd5 Re1+ 42. Rxe1 Qxe1+ 43. Qd1 Qe4 44. Qd2 Qh1+ 1/2-1/2

[Event "Reykjavik Open 2025"]
[Site "Reykjavik, Iceland"]
[Date "2025.04.15"]
[Round "9.3"]
[White "Ivanchuk, Vasyl"]
[Black "Cornette, Matthieu"]
[Result "1/2-1/2"]
[WhiteElo "2604"]
[WhiteTitle "GM"]
[WhiteFideId "14100010"]
[BlackElo "2528"]
[BlackTitle "GM"]
[BlackFideId "620084"]
[TimeControl "90+30 +30 after 40 moves"]
[Variant "Standard"]
[ECO "C70"]
[Opening "Ruy Lopez: Morphy Defense, Classical Defense Deferred"]
[StudyName "Round 9"]
1. e4 e5 2. Nf3 Nc6 3. Bb5 a6 4. Ba4 Bc5 5. c3 Nge7 6. O-O Ba7 7. d4 Ng6 8. Be3 O-O 9. d5 Bxe3 10. fxe3 Na5 11. Nbd2 b6 12. Qe1 d6 13. h4 f6 14. Qg3 Nh8 15. Rf2 Nf7 16. Raf1 Nb7 17. h5 Nc5 18. Bc6 Ra7 19. b4 Nd3 20. Re2 1/2-1/2

[Event "Reykjavik Open 2025"]
[Site "Reykjavik, Iceland"]
[Date "2025.04.15"]
[Round "9.4"]
[White "Safarli, Eltaj"]
[Black "Muradli, Mahammad"]
[Result "1/2-1/2"]
[WhiteElo "2617"]
[WhiteTitle "GM"]
[WhiteFideId "13402129"]
[BlackElo "2588"]
[BlackTitle "GM"]
[BlackFideId "13409301"]
[TimeControl "90+30 +30 after 40 moves"]
[Variant "Standard"]
[ECO "B50"]
[Opening "Sicilian Defense: Delayed Alapin Variation, with d6"]
[StudyName "Round 9"]
1. e4 c5 2. Nf3 d6 3. c3 Nf6 4. h3 Nc6 5. Bd3 g6 6. Bc2 e5 7. O-O Bg7 8. d4 exd4 9. cxd4 cxd4 10. Nxd4 O-O 11. Nc3 d5 12. Nxc6 1/2-1/2

[Event "Reykjavik Open 2025"]
[Site "Reykjavik, Iceland"]
[Date "2025.04.15"]
[Round "9.5"]
[White "Hjartarson, Johann"]
[Black "Ivic, Velimir"]
[Result "0-1"]
[WhiteElo "2461"]
[WhiteTitle "GM"]
[WhiteFideId "2300044"]
[BlackElo "2623"]
[BlackTitle "GM"]
[BlackFideId "950122"]
[TimeControl "90+30 +30 after 40 moves"]
[Variant "Standard"]
[ECO "D43"]
[Opening "Queen's Gambit Declined: Hastings Variation"]
[StudyName "Round 9"]
1. d4 Nf6 2. c4 e6 3. Nf3 d5 4. Nc3 c6 5. Bg5 h6 6. Bxf6 Qxf6 7. Qb3 Qe7 8. e3 g6 9. Be2 Bg7 10. O-O O-O 11. Rad1 Nd7 12. a3 a6 13. e4 dxc4 14. Qxc4 c5 15. d5 b5 16. Qd3 Rd8 17. dxe6 Qxe6 18. Nd5 Rb8 19. e5 Bb7 20. Nf4 Qe8 21. e6 Nf8 22. exf7+ Qxf7 23. Qe3 Re8 24. Qd2 c4 25. h4 Re4 26. Nh3 Rbe8 27. Rde1 Qf6 28. Bd1 Qxb2 29. Rxe4 Bxe4 0-1

[Event "Reykjavik Open 2025"]
[Site "Reykjavik, Iceland"]
[Date "2025.04.15"]
[Round "9.6"]
[White "Royal, Shreyas"]
[Black "Banusz, Tamas"]
[Result "1/2-1/2"]
[WhiteElo "2465"]
[WhiteTitle "GM"]
[WhiteFideId "448869"]
[BlackElo "2592"]
[BlackTitle "GM"]
[BlackFideId "722413"]
[TimeControl "90+30 +30 after 40 moves"]
[Variant "Standard"]
[ECO "D25"]
[Opening "Queen's Gambit Accepted: Janowski-Larsen Variation"]
[StudyName "Round 9"]
1. d4 d5 2. c4 dxc4 3. Nf3 Nf6 4. e3 Bg4 5. Bxc4 e6 6. h3 Bh5 7. Nc3 Nc6 8. O-O Bd6 9. Re1 O-O 10. g4 Bg6 11. e4 Bb4 12. Bg5 h6 13. Bh4 Be7 14. Bg3 Bb4 15. Bh4 Be7 16. Bg3 Bb4 17. Bh4 Be7 18. Bg3 1/2-1/2

[Event "Reykjavik Open 2025"]
[Site "Reykjavik, Iceland"]
[Date "2025.04.15"]
[Round "9.8"]
[White "Maze, Sebastien"]
[Black "Sriansh Das"]
[Result "1/2-1/2"]
[WhiteElo "2557"]
[WhiteTitle "GM"]
[WhiteFideId "613762"]
[BlackElo "2278"]
[BlackTitle "FM"]
[BlackFideId "45030081"]
[TimeControl "90+30 +30 after 40 moves"]
[Variant "Standard"]
[ECO "C85"]
[Opening "Ruy Lopez: Closed, Delayed Exchange"]
[StudyName "Round 9"]
1. e4 e5 2. Nf3 Nc6 3. Bb5 a6 4. Ba4 Nf6 5. O-O Be7 6. Bxc6 dxc6 7. d3 Nd7 8. Nc3 O-O 9. Be3 Bd6 10. Ne2 Re8 11. Nd2 Nf8 12. Ng3 Ng6 13. Nf5 Nh4 14. Qh5 Nxf5 15. exf5 g6 16. fxg6 hxg6 17. Qf3 f5 18. Qg3 f4 19. Qxg6+ Kh8 20. Ne4 Re6 21. Qh5+ Kg7 22. Bd2 Rg6 23. f3 Rh6 24. Qg5+ Qxg5 25. Nxg5 Bc5+ 26. Kh1 Bf5 27. Bc3 Kf6 28. Nh3 Bxh3 29. gxh3 Rxh3 30. Rae1 Be3 31. Re2 Rg8 32. Rg2 Rgg3 33. Be1 Rxf3 34. Bh4+ Kf7 35. Rxf3 Rxf3 36. Rg5 Rh3 37. Rg4 Bc1 38. b3 Re3 39. Kg1 Ba3 40. Kf1 Bc5 41. Be1 1/2-1/2

[Event "Reykjavik Open 2025"]
[Site "Reykjavik, Iceland"]
[Date "2025.04.15"]
[Round "9.10"]
[White "Stefansson, Hannes"]
[Black "Kadric, Denis"]
[Result "0-1"]
[WhiteElo "2420"]
[WhiteTitle "GM"]
[WhiteFideId "2300087"]
[BlackElo "2533"]
[BlackTitle "GM"]
[BlackFideId "14403803"]
[TimeControl "90+30 +30 after 40 moves"]
[Variant "Standard"]
[ECO "C41"]
[Opening "Philidor Defense: Lion Variation"]
[StudyName "Round 9"]
1. e4 d6 2. d4 Nf6 3. Nc3 e5 4. Nf3 Nbd7 5. Bc4 Be7 6. O-O O-O 7. a4 c6 8. Re1 h6 9. Ba2 Re8 10. Be3 Ng4 11. Bd2 a5 12. h3 Ngf6 13. Be3 exd4 14. Bxd4 Nf8 15. Nd2 Ne6 16. Be3 d5 17. exd5 cxd5 18. Nf3 Bb4 19. Qd3 b6 20. Bd4 Ba6 21. Bxf6 Qxf6 22. Qxd5 Bxc3 23. bxc3 Nf4 24. Rxe8+ Rxe8 25. Qd7 Re7 26. Qg4 Ne2+ 27. Kh2 Nxc3 28. Bb3 Ne4 29. Rd1 Nxf2 30. Rd8+ Kh7 31. Qg3 Ne4 32. Qb8 g6 33. Bd5 Be2 34. Ng1 Bf1 35. Nf3 Nc3 36. Ba8 Nxa4 37. Bc6 Nc3 38. Qxb6 Re2 39. Ng1 0-1

[Event "Reykjavik Open 2025"]
[Site "Reykjavik, Iceland"]
[Date "2025.04.15"]
[Round "9.12"]
[White "Thorfinnsson, Bragi"]
[Black "Papp, Gabor"]
[Result "1/2-1/2"]
[WhiteElo "2375"]
[WhiteTitle "GM"]
[WhiteFideId "2300958"]
[BlackElo "2502"]
[BlackTitle "GM"]
[BlackFideId "718602"]
[TimeControl "90+30 +30 after 40 moves"]
[Variant "Standard"]
[ECO "D30"]
[Opening "Queen's Gambit Declined: Traditional Variation"]
[StudyName "Round 9"]
1. d4 Nf6 2. c4 e6 3. Nf3 d5 4. Bg5 dxc4 5. Qa4+ Nbd7 6. Nbd2 a6 7. Qxc4 c5 8. dxc5 Bxc5 9. b4 Be7 10. e3 h6 11. Bh4 b5 12. Qb3 Bb7 13. Be2 g5 14. Bg3 g4 15. Ne5 Bxg2 16. Rg1 Bd5 17. Qb2 Rg8 18. a4 Nh5 19. Nxd7 Nxg3 20. Rxg3 Qxd7 21. axb5 axb5 22. Rxa8+ Bxa8 23. Bxg4 Qd6 24. Be2 Kf8 25. Bxb5 Qd5 26. Bf1 Qh1 27. Qe5 Rxg3 28. hxg3 Kg8 29. e4 Bf8 30. Ke2 Bc6 31. b5 Bb7 32. Nf3 Kh7 33. Qc7 Bxe4 34. Qxf7+ Bg7 35. Nd2 Bf5 36. Qc7 Qd5 37. b6 Qb5+ 38. Ke1 Qa5 39. Bc4 Kg6 40. g4 Qa1+ 41. Ke2 Bxg4+ 42. f3 Bf5 43. Qg3+ Kf7 44. Qc7+ Kg6 45. Qg3+ Kf7 46. Qc7+ 1/2-1/2

[Event "Reykjavik Open 2025"]
[Site "Reykjavik, Iceland"]
[Date "2025.04.15"]
[Round "9.13"]
[White "Pipiras, Filipa Fortuna"]
[Black "Stefansson, Vignir Vatnar"]
[Result "0-1"]
[WhiteElo "2195"]
[WhiteTitle "FM"]
[WhiteFideId "1944894"]
[BlackElo "2536"]
[BlackTitle "GM"]
[BlackFideId "2308649"]
[TimeControl "90+30 +30 after 40 moves"]
[Variant "Standard"]
[ECO "A46"]
[Opening "Indian Defense: Wade-Tartakower Defense"]
[StudyName "Round 9"]
1. d4 d6 2. Nf3 Nf6 3. c4 g6 4. g3 Bg7 5. Bg2 Bf5 6. O-O O-O 7. b3 a5 8. Bb2 c6 9. Nc3 Ne4 10. Nh4 Nxc3 11. Bxc3 Bd7 12. Qd2 f5 13. Rad1 a4 14. b4 Na6 15. Rfe1 Nc7 16. d5 Bxc3 17. Qxc3 cxd5 18. cxd5 Nb5 19. Qe3 Qe8 20. Nf3 Qf7 21. Nd4 Nc7 22. Qd3 Nxd5 23. Nxf5 Bxf5 24. Qxd5 Be6 25. Qxe6 Qxe6 26. Bd5 Kf7 27. e4 Rac8 28. e5 Qxd5 29. Rxd5 Ke6 30. Rb5 Rc2 31. exd6+ Kxd6 32. f4 Kc6 33. Rbe5 Rd8 34. Rxe7 Rdd2 35. R1e6+ Kd5 36. Re5+ Kc4 37. Rc5+ Kxb4 38. Rxc2 Rxc2 39. Rxb7+ Ka3 40. Rxh7 Kxa2 41. g4 a3 42. f5 gxf5 43. gxf5 Kb3 44. f6 a2 45. Ra7 Rc1+ 46. Kg2 a1=Q 47. Rxa1 Rxa1 48. f7 Ra8 49. Kg3 Kc4 50. Kg4 Rf8 51. h4 Kd5 52. Kf5 Rxf7+ 53. Kg6 Ke6 54. h5 Rf1 55. h6 Rg1+ 56. Kh7 Kf7 57. Kh8 Rg8+ 58. Kh7 Rg6 0-1

[Event "Reykjavik Open 2025"]
[Site "Reykjavik, Iceland"]
[Date "2025.04.15"]
[Round "9.14"]
[White "Bekker, Stefan"]
[Black "Gorshtein, Ido"]
[Result "0-1"]
[WhiteElo "2358"]
[WhiteTitle "FM"]
[WhiteFideId "1022229"]
[BlackElo "2557"]
[BlackTitle "GM"]
[BlackFideId "2815532"]
[TimeControl "90+30 +30 after 40 moves"]
[Variant "Standard"]
[ECO "E00"]
[Opening "Catalan Opening"]
[StudyName "Round 9"]
1. d4 Nf6 2. c4 e6 3. g3 Bb4+ 4. Bd2 Be7 5. Nf3 a6 6. Bg2 b5 7. b3 Bb7 8. O-O O-O 9. Qc2 d6 10. Nc3 b4 11. Na4 Be4 12. Qb2 a5 13. Rad1 Nbd7 14. Qc1 Qb8 15. Rfe1 Qb7 16. Bh3 c5 17. dxc5 dxc5 18. Bf4 Rad8 19. Nd2 Bc6 20. Nb2 h6 21. Nd3 Nh7 22. Nf3 Be4 23. Nd2 Ng5 24. Bf1 Bc6 25. h4 Nh7 26. Nf3 Be4 27. Nd2 Bxd3 28. exd3 Nb8 29. Bg2 Qb6 30. Nf3 Nc6 31. Ne5 Nxe5 32. Bxe5 Rd7 33. Be4 Nf6 34. Bf3 Rfd8 35. Qe3 Ne8 36. Qe4 Bf6 37. Qc6 Qa7 38. d4 cxd4 39. Qb5 Nc7 40. Qa4 Qc5 41. Qc6 Qa7 42. Qa4 d3 43. Bc6 d2 44. Re2 Rd3 45. Be4 Bxe5 46. Bxd3 Rxd3 47. Rxe5 Rxg3+ 48. Kf1 Qb7 49. Qd7 Qh1+ 50. Ke2 Qf3+ 0-1

[Event "Reykjavik Open 2025"]
[Site "Reykjavik, Iceland"]
[Date "2025.04.15"]
[Round "9.16"]
[White "Lohia, Sohum"]
[Black "Draskovic, Luka"]
[Result "0-1"]
[WhiteElo "2354"]
[WhiteTitle "FM"]
[WhiteFideId "5819369"]
[BlackElo "2488"]
[BlackTitle "GM"]
[BlackFideId "944335"]
[TimeControl "90+30 +30 after 40 moves"]
[Variant "Standard"]
[ECO "C41"]
[Opening "Philidor Defense: Lion Variation"]
[StudyName "Round 9"]
1. e4 d6 2. d4 Nf6 3. Nc3 e5 4. Nf3 Nbd7 5. Bc4 Be7 6. O-O O-O 7. a4 exd4 8. Nxd4 Re8 9. Re1 Bf8 10. Bf4 Nc5 11. Qf3 Bg4 12. Qg3 Qd7 13. h3 Nh5 14. Qxg4 Qxg4 15. hxg4 Nxf4 16. g3 Nfe6 17. Nxe6 Nxe6 18. Kg2 c6 19. Rad1 Rad8 20. b3 g6 21. Bxe6 Rxe6 22. f3 Rde8 23. Kf2 Re5 24. Re2 h5 25. gxh5 Rxh5 26. g4 Rh2+ 27. Kf1 Rh4 28. Kg2 Bg7 29. Rd3 Be5 30. Kf2 Kg7 31. Ke3 d5 32. Kd2 d4 33. Na2 Rh1 34. Re1 Reh8 35. Rxh1 Rxh1 36. b4 Bf4+ 37. Ke2 Ra1 38. Ra3 Bc1 39. Nxc1 Rxa3 40. a5 Re3+ 41. Kf2 Rc3 42. Ke1 0-1

[Event "Reykjavik Open 2025"]
[Site "Reykjavik, Iceland"]
[Date "2025.04.15"]
[Round "9.23"]
[White "Priansh Das"]
[Black "Willems, Niels"]
[Result "1-0"]
[WhiteElo "2262"]
[WhiteTitle "FM"]
[WhiteFideId "45029946"]
[BlackElo "2394"]
[BlackTitle "FM"]
[BlackFideId "20695586"]
[TimeControl "90+30 +30 after 40 moves"]
[Variant "Standard"]
[ECO "C55"]
[Opening "Italian Game: Two Knights Defense, Modern Bishop's Opening"]
[StudyName "Round 9"]
1. e4 e5 2. Nf3 Nc6 3. Bc4 Nf6 4. d3 d5 5. exd5 Nxd5 6. O-O Nb6 7. Bb5 Bd6 8. Bxc6+ bxc6 9. Nxe5 Bxe5 10. Re1 Qe7 11. Kh1 O-O 12. f4 f6 13. fxe5 fxe5 14. Be3 Nd5 15. Nd2 Qh4 16. Ne4 h6 17. Qd2 Bf5 18. Ng3 Bg6 19. Bc5 Rfe8 20. Rf1 e4 21. dxe4 Bxe4 22. Rae1 Nf6 23. Rf4 Qg5 24. Be3 Qd5 25. Qf2 Re6 26. c4 Qd3 27. Bd4 Rae8 28. Rf1 Nd7 29. Rxe4 1-0

[Event "Reykjavik Open 2025"]
[Site "Reykjavik, Iceland"]
[Date "2025.04.15"]
[Round "9.24"]
[White "Borne, Felix"]
[Black "Heimisson, Hilmir Freyr"]
[Result "1-0"]
[WhiteElo "2225"]
[WhiteFideId "551039915"]
[BlackElo "2376"]
[BlackTitle "IM"]
[BlackFideId "2309998"]
[TimeControl "90+30 +30 after 40 moves"]
[Variant "Standard"]
[ECO "A37"]
[Opening "English Opening: Symmetrical Variation, Botvinnik System Reversed, with Nf3"]
[StudyName "Round 9"]
1. Nf3 c5 2. g3 Nc6 3. c4 g6 4. Bg2 Bg7 5. Nc3 e5 6. O-O d6 7. d3 Nge7 8. a3 a5 9. Rb1 O-O 10. b3 h6 11. Nd2 Bg4 12. h3 Be6 13. Nd5 Rb8 14. Bb2 Qd7 15. Nb6 Qc7 16. Nd5 Qd7 17. Nb6 Qd8 18. Nd5 b6 19. e3 Qd7 20. Kh2 b5 21. Re1 f5 22. Qc2 Kh8 23. f4 Bg8 24. Nxe7 Nxe7 25. cxb5 Qxb5 26. Bc3 Bd5 27. Nc4 Bxc4 28. bxc4 Qd7 29. Bxa5 g5 30. Bc3 gxf4 31. exf4 Ng6 32. Rf1 exf4 33. gxf4 Rxb1 34. Rxb1 d5 35. Bxd5 Qc7 36. Bxg7+ Qxg7 37. Qf2 Re8 38. Rb7 Qd4 39. Qxd4+ cxd4 40. Kg3 Re3+ 41. Bf3 Rxd3 42. c5 Rc3 43. c6 d3 44. Rd7 Nf8 45. a4 Rxc6 46. Bxc6 Nxd7 47. Kf2 Nc5 48. a5 d2 49. Bf3 Kg7 50. Ke2 Kf6 51. Bb7 Ne6 52. a6 Nxf4+ 53. Kxd2 Ne6 54. a7 Nc7 55. Kd3 Ke5 56. Kc4 Kd6 57. Bg2 Kd7 58. Kc5 Ne6+ 59. Kb6 Nc7 60. Kb7 Kd8 61. Bc6 f4 62. Bh1 Kd7 63. Bg2 Kd6 64. Bc6 h5 65. h4 Na8 66. Kxa8 Kxc6 67. Kb8 Kd5 1-0

[Event "Reykjavik Open 2025"]
[Site "Reykjavik, Iceland"]
[Date "2025.04.15"]
[Round "9.25"]
[White "Shafer, Logan C"]
[Black "Kunin, Vitaly"]
[Result "0-1"]
[WhiteElo "2193"]
[WhiteTitle "CM"]
[WhiteFideId "30993342"]
[BlackElo "2522"]
[BlackTitle "GM"]
[BlackFideId "4128737"]
[TimeControl "90+30 +30 after 40 moves"]
[Variant "Standard"]
[ECO "E10"]
[Opening "Indian Defense: Dzindzi-Indian Defense"]
[StudyName "Round 9"]
1. d4 Nf6 2. c4 e6 3. Nf3 a6 4. Nc3 d5 5. cxd5 exd5 6. Bg5 Be6 7. e3 Nbd7 8. Bd3 Bd6 9. Qc2 h6 10. Bh4 Rc8 11. O-O c5 12. dxc5 Rxc5 13. Nd4 O-O 14. Bh7+ Kh8 15. Bf5 Re8 16. Qd3 Qb8 17. Bg3 Bxg3 18. hxg3 Ne5 19. Qb1 Nc4 20. Bxe6 fxe6 21. Rd1 Qc8 22. Nde2 Kg8 23. b3 Nd6 24. Qd3 b5 25. Rac1 Re7 26. a3 Rec7 27. Na2 Nfe4 28. g4 Nf6 29. f3 e5 30. Rxc5 Rxc5 31. Rc1 e4 32. Qd4 Rxc1+ 33. Naxc1 Nf7 34. Qc3 Qf8 35. a4 exf3 36. gxf3 Ng5 37. Nf4 Nxf3+ 38. Kg2 Ng5 39. Qc6 Qe7 40. Qc8+ Kf7 41. Ncd3 Qxe3 42. Qc7+ Kg8 43. Qc8+ Ne8 44. Nxd5 Qf3+ 45. Kg1 Qg3+ 46. Kh1 Qxd3 47. Qxe8+ Kh7 48. Qd7 Qf1+ 49. Kh2 Qf2+ 50. Kh1 bxa4 51. bxa4 Qf1+ 52. Kh2 Qe2+ 53. Kh1 Ne6 54. Qd6 Qxg4 55. Ne7 Nf4 56. Qd2 Qh4+ 57. Kg1 Qxe7 58. Qxf4 Qg5+ 59. Qxg5 hxg5 60. Kg2 Kg6 61. Kg3 Kf5 62. Kf3 a5 0-1

[Event "Reykjavik Open 2025"]
[Site "Reykjavik, Iceland"]
[Date "2025.04.15"]
[Round "9.26"]
[White "Zierk, Steven"]
[Black "Gislason, Gudmundur"]
[Result "1-0"]
[WhiteElo "2501"]
[WhiteTitle "GM"]
[WhiteFideId "2034255"]
[BlackElo "2216"]
[BlackTitle "FM"]
[BlackFideId "2300559"]
[TimeControl "90+30 +30 after 40 moves"]
[Variant "Standard"]
[ECO "B06"]
[Opening "Modern Defense: Standard Line"]
[StudyName "Round 9"]
1. e4 g6 2. d4 Bg7 3. Nc3 a6 4. f4 d6 5. Nf3 e6 6. Bd3 Nc6 7. e5 Nge7 8. O-O O-O 9. Ne4 Nb4 10. Be2 Nf5 11. g4 Ne7 12. Nf6+ Bxf6 13. exf6 Ned5 14. g5 c5 15. dxc5 Qc7 16. cxd6 Qxc2 17. Qe1 Qc5+ 18. Kh1 h5 19. Ne5 Qxd6 20. Qh4 Bd7 21. Bxh5 gxh5 22. Qxh5 Bc6 23. Kg1 Nxf4 24. Rxf4 Nd3 25. Nxd3 1-0

[Event "Reykjavik Open 2025"]
[Site "Reykjavik, Iceland"]
[Date "2025.04.15"]
[Round "9.28"]
[White "Kjartansson, Gudmundur"]
[Black "Balje, Jan"]
[Result "1/2-1/2"]
[WhiteElo "2450"]
[WhiteTitle "GM"]
[WhiteFideId "2301318"]
[BlackElo "2125"]
[BlackFideId "1004085"]
[TimeControl "90+30 +30 after 40 moves"]
[Variant "Standard"]
[ECO "B10"]
[Opening "Caro-Kann Defense: Endgame Variation"]
[StudyName "Round 9"]
1. e4 c6 2. Nf3 d5 3. d3 dxe4 4. dxe4 Qxd1+ 5. Kxd1 f6 6. Be3 e5 7. Bc4 Nd7 8. a4 a5 9. c3 Bc5 10. Ke2 Bxe3 11. Kxe3 Nb6 12. Bb3 Ke7 13. Nbd2 Be6 14. Bxe6 Kxe6 15. Ne1 Nh6 16. Nd3 Nd7 17. b4 axb4 18. cxb4 Nf7 19. Nc4 Nd6 20. Nxd6 Kxd6 21. Rhd1 Kc7 22. a5 g5 23. b5 Rhd8 24. b6+ Kd6 25. Nb4+ Kc5 26. Nd5 cxd5 27. Rxd5+ Kb4 28. Rb1+ Ka4 29. Rbd1 h5 30. h4 gxh4 31. Rxd7 Rxd7 32. Rxd7 Kxa5 33. Rxb7 Ra6 34. Rh7 Kxb6 35. Rxh5 Ra3+ 36. Ke2 Kc5 37. Rh6 Kd4 38. f3 Ra2+ 39. Kf1 Ke3 40. Kg1 Ra6 41. Rxh4 Ra1+ 42. Kh2 Kf2 43. Rh6 Ra8 44. Kh3 Rg8 45. g4 Kxf3 46. Rxf6+ Kxe4 47. Kg3 Ke3 48. Rf3+ Ke2 49. Ra3 Rf8 50. Ra2+ Kd3 51. Ra3+ Ke2 52. Ra2+ Kd3 53. Ra3+ 1/2-1/2

[Event "Reykjavik Open 2025"]
[Site "Reykjavik, Iceland"]
[Date "2025.04.15"]
[Round "9.29"]
[White "Larkin, Vladyslav"]
[Black "Bourgois, Bastien"]
[Result "1-0"]
[WhiteElo "2449"]
[WhiteTitle "IM"]
[WhiteFideId "14152894"]
[BlackElo "2112"]
[BlackFideId "681482"]
[TimeControl "90+30 +30 after 40 moves"]
[Variant "Standard"]
[ECO "A28"]
[Opening "English Opening: King's English Variation, Four Knights Variation, Quiet Line"]
[StudyName "Round 9"]
1. c4 e5 2. Nc3 Nf6 3. Nf3 Nc6 4. e3 Bb4 5. Qc2 O-O 6. Nd5 Bc5 7. Ng5 g6 8. Nxf6+ Qxf6 9. Ne4 Qe7 10. Nxc5 Qxc5 11. a3 a5 12. Qa4 Ra6 13. Be2 d6 14. d3 Be6 15. Bd2 Raa8 16. Bc3 d5 17. cxd5 b5 18. Qh4 Bxd5 19. Rc1 b4 20. Bd2 Qd6 21. O-O f6 22. Ra1 Ne7 23. axb4 Nf5 24. Qg4 Be6 25. Qe4 Bd5 26. Qg4 Be6 27. Qf3 Bd5 28. Qh3 axb4 29. Rfd1 Be6 30. Qf3 c6 31. Qe4 Rab8 32. Bf1 Bd5 33. Qg4 Be6 34. Qe2 Ra8 35. Be1 c5 36. f3 Ra6 37. Bf2 Bb3 38. Rdc1 Ng7 39. Rxa6 Qxa6 40. Rxc5 Ne6 41. Rc1 Rd8 42. Qe1 Qb6 43. h4 Qa5 44. Ra1 Qb6 45. d4 exd4 46. Ra6 Qb7 47. exd4 Qd5 48. Qxb4 Nxd4 49. Rxf6 Qe5 50. Bxd4 Qxd4+ 51. Qxd4 Rxd4 52. Rb6 Bd5 53. Rd6 Kf8 54. Rd7 Ke8 55. Bb5 Kf8 56. Kf2 h6 57. Ke3 Rd1 58. Be2 1-0

[Event "Reykjavik Open 2025"]
[Site "Reykjavik, Iceland"]
[Date "2025.04.15"]
[Round "9.30"]
[White "Nayak Rajesh"]
[Black "Cramling Bellon, Anna"]
[Result "1-0"]
[WhiteElo "2277"]
[WhiteTitle "FM"]
[WhiteFideId "35017152"]
[BlackElo "2046"]
[BlackTitle "WFM"]
[BlackFideId "32009232"]
[TimeControl "90+30 +30 after 40 moves"]
[Variant "Standard"]
[ECO "B40"]
[Opening "Sicilian Defense: Four Knights Variation"]
[StudyName "Round 9"]
1. e4 c5 2. Nf3 e6 3. d4 cxd4 4. Nxd4 Nf6 5. Nc3 Nc6 6. a3 d5 7. Bb5 Bd7 8. exd5 exd5 9. O-O Be7 10. Be2 O-O 11. Bf3 Be6 12. Re1 Qd7 13. Bg5 Rad8 14. Qd3 h6 15. Bh4 Qc8 16. Rad1 Nxd4 17. Qxd4 Qc4 18. h3 b5 19. Be2 Qxd4 20. Rxd4 g5 21. Bg3 Bc5 22. Rdd1 a6 23. Bf3 b4 24. Na4 Be7 25. axb4 Bxb4 26. c3 Be7 27. Nb6 Bc5 28. Bc7 Rde8 29. b4 Re7 30. Be5 Bxb6 31. Bxf6 Rd7 32. Ra1 Ra7 33. Red1 Rc8 34. Bxd5 Bxd5 35. Rxd5 Rc6 36. Rf5 Kh7 37. g4 Kg6 38. Bd4 Bxd4 39. cxd4 Rd7 40. d5 Rb6 41. Rc1 Rdd6 42. Rc4 f6 43. Kg2 h5 44. Kf3 Rb5 45. Ke4 hxg4 46. hxg4 Rdb6 47. Kd3 Rxb4 48. Rc6 Rb3+ 49. Kc4 R3b4+ 50. Kc3 Rb3+ 51. Kd4 R3b4+ 52. Rc4 R4b5 53. f3 Rd6 54. Rc5 Rb4+ 55. Kc3 Rb1 56. Kc2 Rb4 57. Kd3 Rb1 58. Rc3 Rb4 59. Rc6 Rb6 60. Rc4 Rb5 61. Kd4 Kf7 62. Rc7+ Kg6 63. Kc4 Rb1 64. Kc5 Rdb6 65. Rc6 R1b5+ 66. Kd6 Kf7 67. f4 gxf4 68. Rxf4 Rb8 69. Rc7+ Kg6 70. Rf5 Rd8+ 71. Ke6 Rb6+ 72. Rc6 Rdb8 73. Rxb6 Rxb6+ 74. d6 Rb1 75. d7 Re1+ 76. Kd6 Rd1+ 77. Rd5 1-0

[Event "Reykjavik Open 2025"]
[Site "Reykjavik, Iceland"]
[Date "2025.04.15"]
[Round "9.31"]
[White "Petersen, Marcel"]
[Black "Williams, Simon K"]
[Result "1/2-1/2"]
[WhiteElo "2185"]
[WhiteFideId "12935670"]
[BlackElo "2451"]
[BlackTitle "GM"]
[BlackFideId "404454"]
[TimeControl "90+30 +30 after 40 moves"]
[Variant "Standard"]
[ECO "B40"]
[Opening "Sicilian Defense: French Variation"]
[StudyName "Round 9"]
1. e4 c5 2. Nf3 e6 3. g3 d5 4. exd5 exd5 5. d4 cxd4 6. Nxd4 Nc6 7. Bg2 Bc5 8. c3 Nf6 9. O-O O-O 10. Nb3 Bb6 11. N1d2 Bg4 12. Nf3 Qd7 13. Re1 Rfe8 14. Bf4 Qf5 15. Nfd4 Rxe1+ 16. Qxe1 Qh5 17. Qd2 Ne4 18. Qd3 g5 19. Be3 Ne5 20. Qf1 Re8 21. Re1 Bd7 22. f3 Nf6 23. Bxg5 Qxg5 24. f4 Qh5 25. Rxe5 Rxe5 26. fxe5 Ng4 27. h3 Ne3 28. Qf3 Qxe5 29. Qf4 Qxf4 30. gxf4 a5 31. Kh2 Bc7 32. Kg3 Nxg2 33. Kxg2 b6 34. Kg3 Kg7 35. Nc1 Kf6 36. Nd3 Bd6 37. Nf2 h5 38. Nd3 Bc8 39. Nc6 Kf5 40. Kf3 f6 41. Nd4+ Kg6 42. Kg3 Ba6 43. Ne1 h4+ 44. Kg4 f5+ 45. Kf3 Bf1 46. Nec2 Bd3 47. Ke3 Be4 48. Ne1 Bc5 49. Nf3 Kh5 50. Ne1 b5 51. a3 b4 52. axb4 axb4 53. Nd3 bxc3 54. bxc3 Bb6 55. Ne1 Bh1 56. Kd3 Bc7 57. Ke3 Bb6 58. Kd3 Bc5 59. Ke3 Ba3 60. Kd2 Be4 61. Nef3 Be7 62. Ke3 Kg6 63. Nc6 Bf6 64. Nce5+ Kh5 65. Ne1 Bh1 66. Kd3 Bd8 67. Nc6 Bf6 68. Ne5 Kh6 69. Ke3 Kg7 70. Kd3 Bd8 71. Nc6 Bb6 72. Nd4 Kf7 73. Kd2 Kf6 74. Kd3 Bd8 75. Ke3 Ba5 76. Kd2 Bd8 77. Ke3 Be4 78. Nef3 Kf7 79. Ng5+ Kg6 80. Ndf3 Bb6+ 81. Ke2 Kh5 82. Nd4 Bg2 83. Kf2 Be4 84. Ke2 Bc5 85. Ke3 Bh1 86. Ke2 Be7 87. Ndf3 Bf6 88. Kd3 Bg2 89. Kd2 Bh8 90. Nd4 Bxd4 91. cxd4 Bxh3 92. Nxh3 Kg4 93. Nf2+ Kf3 94. Ke1 Kg2 95. Nd1 h3 96. Ne3+ Kf3 97. Nf1 Kg2 98. Ne3+ Kg3 99. Nf1+ Kf3 100. Nh2+ Ke3 101. Nf1+ Kxd4 102. Kf2 Kd3 103. Nh2 d4 104. Nf3 Ke4 105. Kg3 d3 106. Nd2+ Ke3 107. Nc4+ Ke2 108. Kxh3 d2 109. Nxd2 Kxd2 110. Kh2 Ke3 111. Kg3 Ke4 112. Kg2 1/2-1/2